TOP OF THE 1ST |
Cedar Rapids Cardinals batting - Pitching for Danville Veterans : LHP Juan Dorville
|
Pitching: LHP Juan Dorville
|
|
Batting: RHB Nehames Bernstine
|
0-0: Ball 1-0: Fly out, F3 (Popup, 3SF, EV 84.4 MPH)
|
Batting: SHB Bryan Hoppie
|
0-0: Ball 1-0: Called Strike 1-1: Foul Ball, location: 2F 1-2: Ball 2-2: Foul Ball, location: 2F 2-2: SINGLE (Groundball, 34D, EV 103.1 MPH)
|
Batting: RHB Reggie D Williams
|
0-0: Ball 1-0: Ball 2-0: Called Strike 2-1: Called Strike 2-2: Strikes out swinging
|
Batting: RHB Winston Ficklin
|
0-0: Called Strike 0-1: Ground out 6-3 (Groundball, 6S, EV 83.8 MPH)
|
Top of the 1st over - 0 runs, 1 hit, 0 errors, 1 left on base; Cedar Rapids 0 - Danville 0 |
BOTTOM OF THE 1ST |
Danville Veterans batting - Pitching for Cedar Rapids Cardinals : RHP Brian Holton
|
Pitching: RHP Brian Holton
|
|
Batting: RHB Henry Janssen
|
0-0: Called Strike 0-1: Foul Ball, location: 2F 0-2: Fly out, F5 (Popup, 56S, EV 76.9 MPH)
|
Batting: SHB Donnie Hill
|
0-0: Ground out 4-3 (Groundball, 4, EV 90.0 MPH)
|
Batting: LHB Mark Salas
|
0-0: Called Strike 0-1: Foul Ball, location: 2F 0-2: SINGLE (Flyball, 78S, EV 87.5 MPH)
|
Batting: RHB Robert Gauci
|
0-0: Ball 1-0: Foul Ball, location: 2F 1-1: Ball 2-1: Foul Ball, location: 2F 2-2: Fly out, F8 (Flyball, 78S, EV 78.8 MPH)
|
Bottom of the 1st over - 0 runs, 1 hit, 0 errors, 1 left on base; Cedar Rapids 0 - Danville 0 |
TOP OF THE 2ND |
Cedar Rapids Cardinals batting - Pitching for Danville Veterans : LHP Juan Dorville
|
Batting: RHB Mark Poole
|
0-0: Called Strike 0-1: Swinging Strike 0-2: Strikes out swinging
|
Batting: RHB Carson Carroll
|
0-0: Ball 1-0: Ball 2-0: Called Strike 2-1: Foul Ball, location: 2F 2-2: Foul Ball, location: 2F 2-2: Ball 3-2: Strikes out swinging
|
Batting: RHB Dean Kornacker
|
0-0: Ball 1-0: SINGLE (Line Drive, 4D, EV 96.9 MPH)
|
Batting: RHB Robert Doerrer
|
0-0: Called Strike 0-1: Fly out, F7 (Flyball, 78D, EV 105.0 MPH)
|
Top of the 2nd over - 0 runs, 1 hit, 0 errors, 1 left on base; Cedar Rapids 0 - Danville 0 |
BOTTOM OF THE 2ND |
Danville Veterans batting - Pitching for Cedar Rapids Cardinals : RHP Brian Holton
|
Batting: RHB Joseph Soprano
|
0-0: Fly out, F7 (Flyball, 7LS, EV 78.8 MPH)
|
Batting: RHB Ed Saavedra
|
0-0: Swinging Strike 0-1: Ball 1-1: SINGLE (Line Drive, 4MD, EV 95.0 MPH)
|
Batting: RHB Vincent Pone
|
0-0: Ball 1-0: Ball 2-0: Called Strike 2-1: Foul Ball, location: 2F 2-2: Foul Ball, location: 2F 2-2: Strikes out swinging
|
Batting: RHB Jeff Moronko
|
0-0: Foul Ball, location: 2F 0-1: Called Strike 0-2: Ball 1-2: Ball 2-2: Ball Ed Saavedra steals 2nd base 3-2: Fly out, F9 (Flyball, 9S, EV 87.5 MPH)
|
Bottom of the 2nd over - 0 runs, 1 hit, 0 errors, 1 left on base; Cedar Rapids 0 - Danville 0 |
TOP OF THE 3RD |
Cedar Rapids Cardinals batting - Pitching for Danville Veterans : LHP Juan Dorville
|
Batting: SHB Duane Johnson
|
0-0: Called Strike 0-1: Swinging Strike 0-2: Ball 1-2: Ball 2-2: SINGLE (Groundball, 13S, EV 64.4 MPH) (infield hit)
|
Batting: RHB Nehames Bernstine
|
0-0: Ball 1-0: Ball 2-0: Swinging Strike 2-1: Foul Ball, location: 2F 2-2: Foul Ball, location: 2F 2-2: Foul Ball, location: 2F 2-2: Strikes out swinging
|
Batting: SHB Bryan Hoppie
|
0-0: Called Strike 0-1: SINGLE (Line Drive, 8RS, EV 102.5 MPH) Duane Johnson to second
|
Batting: RHB Reggie D Williams
|
0-0: Ball 1-0: Swinging Strike 1-1: Ball 2-1: Fielders Choice at 2nd, 1-4 (Groundball, 15S, EV 61.9 MPH) Duane Johnson to third
|
Batting: RHB Winston Ficklin
|
0-0: Ball 1-0: Ball 2-0: Ball 3-0: Base on Balls Reggie D Williams to second
|
Batting: RHB Mark Poole
|
0-0: Called Strike 0-1: Foul Ball, location: 2F 0-2: Fly out, F6 (Popup, 4MD, EV 70.0 MPH)
|
Top of the 3rd over - 0 runs, 2 hits, 0 errors, 3 left on base; Cedar Rapids 0 - Danville 0 |
BOTTOM OF THE 3RD |
Danville Veterans batting - Pitching for Cedar Rapids Cardinals : RHP Brian Holton
|
Batting: RHB Jeff Hall
|
0-0: Foul Ball, location: 2F 0-1: Swinging Strike 0-2: Ball 1-2: Ball 2-2: Foul Ball, location: 2F 2-2: Strikes out swinging
|
Batting: RHB Henry Janssen
|
0-0: Swinging Strike 0-1: Swinging Strike 0-2: Foul Ball, location: 2F 0-2: Fly out, F7 (Flyball, 7S, EV 87.5 MPH)
|
Batting: SHB Donnie Hill
|
0-0: Ball 1-0: Ball 2-0: Ball 3-0: Base on Balls
|
Batting: LHB Mark Salas
|
0-0: Called Strike Donnie Hill steals 2nd base 0-1: Called Strike 0-2: Ball 1-2: Ground out 4-3 (Groundball, 4, EV 101.9 MPH)
|
Bottom of the 3rd over - 0 runs, 0 hits, 0 errors, 1 left on base; Cedar Rapids 0 - Danville 0 |
TOP OF THE 4TH |
Cedar Rapids Cardinals batting - Pitching for Danville Veterans : LHP Juan Dorville
|
Batting: RHB Carson Carroll
|
0-0: Swinging Strike 0-1: Ball 1-1: Fly out, F9 (Flyball, 9, EV 91.3 MPH)
|
Batting: RHB Dean Kornacker
|
0-0: Called Strike 0-1: Foul Ball, location: 2F 0-2: Ball 1-2: Foul Ball, location: 2F 1-2: Fly out, F8 (Flyball, 8RD, EV 96.3 MPH)
|
Batting: RHB Robert Doerrer
|
0-0: Foul Ball, location: 2F 0-1: SINGLE (Groundball, 56D, EV 103.8 MPH)
|
Batting: SHB Duane Johnson
|
0-0: Ball 1-0: Ball 2-0: Foul Ball, location: 2F 2-1: Ball 3-1: Fly out, F9 (Flyball, 9, EV 87.5 MPH)
|
Top of the 4th over - 0 runs, 1 hit, 0 errors, 1 left on base; Cedar Rapids 0 - Danville 0 |
BOTTOM OF THE 4TH |
Danville Veterans batting - Pitching for Cedar Rapids Cardinals : RHP Brian Holton
|
Batting: RHB Robert Gauci
|
0-0: Ball 1-0: Ball 2-0: Fly out, F7 (Flyball, 7LM, EV 83.8 MPH)
|
Batting: RHB Joseph Soprano
|
0-0: Foul Ball, location: 2F 0-1: Foul Ball, location: 2F 0-2: Ball 1-2: Ball 2-2: DOUBLE (Line Drive, 89XD, EV 103.8 MPH)
|
Batting: RHB Ed Saavedra
|
0-0: Ball 1-0: Fly out, F9 (Flyball, 89D, EV 96.3 MPH) Runner from 2nd tags up, SAFE at 3rd, no throw by RF
|
Batting: RHB Vincent Pone
|
0-0: Ball 1-0: Ground out 5-3 (Groundball, 56S, EV 65.0 MPH)
|
Bottom of the 4th over - 0 runs, 1 hit, 0 errors, 1 left on base; Cedar Rapids 0 - Danville 0 |
TOP OF THE 5TH |
Cedar Rapids Cardinals batting - Pitching for Danville Veterans : LHP Juan Dorville
|
Batting: RHB Nehames Bernstine
|
0-0: Swinging Strike 0-1: Swinging Strike 0-2: Ball 1-2: Strikes out swinging
|
Batting: SHB Bryan Hoppie
|
0-0: Ball 1-0: Ball 2-0: Single, Error in OF, E7, batter to second base (Groundball, 56D, EV 101.3 MPH)
|
Batting: RHB Reggie D Williams
|
0-0: Fly out, F9 (Line Drive, 9D, EV 88.1 MPH) Runner from 2nd tags up, SAFE at 3rd, no throw by RF
|
Batting: RHB Winston Ficklin
|
0-0: Ball 1-0: Foul Ball, location: 2F 1-1: 2-RUN HOME RUN (Flyball, 89XD, EV 91.3 MPH), Distance : 397 ft
|
Batting: RHB Mark Poole
|
0-0: Swinging Strike 0-1: Fly out, F9 (Line Drive, 9, EV 95.6 MPH)
|
Top of the 5th over - 2 runs, 2 hits, 1 error, 0 left on base; Cedar Rapids 2 - Danville 0 |
BOTTOM OF THE 5TH |
Danville Veterans batting - Pitching for Cedar Rapids Cardinals : RHP Brian Holton
|
Batting: RHB Jeff Moronko
|
0-0: Called Strike 0-1: Ball 1-1: Fly out, F2 (Popup, 2RF, EV 86.3 MPH)
|
Batting: RHB Jeff Hall
|
0-0: Called Strike 0-1: Ball 1-1: Swinging Strike 1-2: Foul Ball, location: 2F 1-2: Ball 2-2: Strikes out swinging
|
Batting: RHB Henry Janssen
|
0-0: Swinging Strike 0-1: Ground out 5-3 (Groundball, 5, EV 80.6 MPH)
|
Bottom of the 5th over - 0 runs, 0 hits, 0 errors, 0 left on base; Cedar Rapids 2 - Danville 0 |
TOP OF THE 6TH |
Cedar Rapids Cardinals batting - Pitching for Danville Veterans : LHP Juan Dorville
|
Batting: RHB Carson Carroll
|
0-0: Ball 1-0: Fly out, F8 (Flyball, 8RD, EV 100.0 MPH)
|
Batting: RHB Dean Kornacker
|
0-0: Called Strike 0-1: Foul Ball, location: 2F 0-2: Ball 1-2: Ground out 6-3 (Groundball, 6, EV 104.4 MPH)
|
Batting: RHB Robert Doerrer
|
0-0: Ball 1-0: Ball 2-0: Ball 3-0: Called Strike 3-1: Swinging Strike 3-2: Ground out 4-3 (Groundball, 4, EV 87.5 MPH)
|
Top of the 6th over - 0 runs, 0 hits, 0 errors, 0 left on base; Cedar Rapids 2 - Danville 0 |
BOTTOM OF THE 6TH |
Danville Veterans batting - Pitching for Cedar Rapids Cardinals : RHP Brian Holton
|
Batting: SHB Donnie Hill
|
0-0: Foul Ball, location: 2F 0-1: DOUBLE (Line Drive, 7LM, EV 111.3 MPH)
|
Batting: LHB Mark Salas
|
0-0: Called Strike 0-1: Foul Ball, location: 2F 0-2: Ball 1-2: Ball 2-2: Foul Ball, location: 2F 2-2: Fly out, F8 (Line Drive, 8LM, EV 104.4 MPH)
|
Batting: RHB Robert Gauci
|
0-0: Called Strike 0-1: Called Strike 0-2: Ball 1-2: Ball 2-2: Fly out, F8 (Flyball, 8RS, EV 90.0 MPH)
|
Batting: RHB Joseph Soprano
|
0-0: Called Strike 0-1: Foul Ball, location: 2F 0-2: Foul Ball, location: 2F 0-2: Strikes out swinging
|
Bottom of the 6th over - 0 runs, 1 hit, 0 errors, 1 left on base; Cedar Rapids 2 - Danville 0 |
TOP OF THE 7TH |
Cedar Rapids Cardinals batting - Pitching for Danville Veterans : LHP Juan Dorville
|
Batting: SHB Duane Johnson
|
0-0: Ground out 4-3 (Groundball, 34, EV 106.9 MPH)
|
Batting: RHB Nehames Bernstine
|
0-0: Swinging Strike 0-1: Ball 1-1: SINGLE (Line Drive, 8RS, EV 91.9 MPH)
|
Batting: SHB Bryan Hoppie
|
0-0: Ball 1-0: Foul Ball, location: 2F 1-1: Called Strike 1-2: Strikes out swinging
|
Pitching: RHP Dave W Smith
|
|
Batting: RHB Reggie D Williams
|
0-0: Swinging Strike 0-1: Ball 1-1: Ball 2-1: Ball 3-1: Swinging Strike 3-2: Base on Balls Nehames Bernstine to second
|
Batting: RHB Winston Ficklin
|
0-0: Called Strike 0-1: SINGLE (Groundball, 56, EV 85.0 MPH) (infield hit) Nehames Bernstine to third Reggie D Williams to second
|
Batting: RHB Mark Poole
|
0-0: Called Strike 0-1: Ground out 4-3 (Groundball, 4, EV 85.6 MPH)
|
Top of the 7th over - 0 runs, 2 hits, 0 errors, 3 left on base; Cedar Rapids 2 - Danville 0 |
BOTTOM OF THE 7TH |
Danville Veterans batting - Pitching for Cedar Rapids Cardinals : RHP Brian Holton
|
Batting: RHB Ed Saavedra
|
0-0: Swinging Strike 0-1: Ball 1-1: Foul Ball, location: 2F 1-2: Ball 2-2: Ball 3-2: Fly out, F8 (Flyball, 89XD, EV 95.6 MPH)
|
Batting: RHB Vincent Pone
|
0-0: Ball 1-0: Foul Ball, location: 2F 1-1: Ball 2-1: Ball 3-1: SINGLE (Line Drive, 34D, EV 100.6 MPH)
|
Batting: RHB Jeff Moronko
|
0-0: Called Strike 0-1: Fly out, F3 (Popup, 34S, EV 83.1 MPH)
|
Batting: RHB Jeff Hall
|
0-0: Ball Vincent Pone steals 2nd base 1-0: Foul Ball, location: 2F 1-1: Ball 2-1: Foul Ball, location: 2F 2-2: Ground out 6-3 (Groundball, 6, EV 93.1 MPH)
|
Bottom of the 7th over - 0 runs, 1 hit, 0 errors, 1 left on base; Cedar Rapids 2 - Danville 0 |
TOP OF THE 8TH |
Cedar Rapids Cardinals batting - Pitching for Danville Veterans : RHP Dave W Smith
|
Batting: RHB Carson Carroll
|
0-0: Ball 1-0: Foul Ball, location: 2F 1-1: Fly out, F6 (Popup, 6MS, EV 64.4 MPH)
|
Batting: RHB Dean Kornacker
|
0-0: Ball 1-0: Foul Ball, location: 2F 1-1: Foul Ball, location: 2F 1-2: Strikes out looking
|
Batting: RHB Robert Doerrer
|
0-0: Foul Ball, location: 2F 0-1: Ball 1-1: Ball 2-1: Ground out 5-3 (Groundball, 56, EV 105.6 MPH)
|
Top of the 8th over - 0 runs, 0 hits, 0 errors, 0 left on base; Cedar Rapids 2 - Danville 0 |
BOTTOM OF THE 8TH |
Danville Veterans batting - Pitching for Cedar Rapids Cardinals : RHP Brian Holton
|
Batting: RHB Henry Janssen
|
0-0: Ball 1-0: Called Strike 1-1: Foul Ball, location: 2F 1-2: Ball 2-2: Ball 3-2: Strikes out swinging
|
Batting: SHB Donnie Hill
|
0-0: Swinging Strike 0-1: Ball 1-1: Ball 2-1: Foul Ball, location: 2F 2-2: Ball 3-2: Base on Balls
|
Batting: LHB Mark Salas
|
0-0: Ball 1-0: Called Strike 1-1: Ball 2-1: Swinging Strike 2-2: Ball 3-2: Foul Ball, location: 2F 3-2: Foul Ball, location: 2F 3-2: Strikes out swinging
|
Batting: RHB Robert Gauci
|
0-0: Ball 1-0: Called Strike 1-1: SINGLE (Groundball, 34D, EV 108.1 MPH) Donnie Hill to second Runner from 2nd tries for 3rd, SAFE, throw by RF made to third
|
Batting: RHB Joseph Soprano
|
0-0: Fly out, F6 (Popup, 6S, EV 77.5 MPH)
|
Bottom of the 8th over - 0 runs, 1 hit, 0 errors, 2 left on base; Cedar Rapids 2 - Danville 0 |
TOP OF THE 9TH |
Cedar Rapids Cardinals batting - Pitching for Danville Veterans : RHP Dave W Smith
|
Batting: SHB Duane Johnson
|
0-0: Ball 1-0: Swinging Strike 1-1: Foul Ball, location: 2F 1-2: Strikes out swinging
|
Batting: RHB Nehames Bernstine
|
0-0: Fly out, F7 (Flyball, 78M, EV 76.9 MPH)
|
Batting: SHB Bryan Hoppie
|
0-0: Fly out, F7 (Flyball, 78S, EV 83.8 MPH)
|
Top of the 9th over - 0 runs, 0 hits, 0 errors, 0 left on base; Cedar Rapids 2 - Danville 0 |
BOTTOM OF THE 9TH |
Danville Veterans batting - Pitching for Cedar Rapids Cardinals : RHP Brian Holton
|
Batting: RHB Ed Saavedra
|
0-0: Ball 1-0: Called Strike 1-1: Reached on error, E9 (Line Drive, 9, EV 89.4 MPH)
|
Batting: RHB Vincent Pone
|
0-0: Called Strike 0-1: Ball 1-1: Foul Ball, location: 2F 1-2: Foul Ball, location: 2F 1-2: Foul Ball, location: 2F 1-2: Ball 2-2: Ball 3-2: Fly out, F3 (Popup, 3L, EV 78.1 MPH)
|
Pinch Hitting: LHB Eric Bullock
|
0-0: Swinging Strike 0-1: Ball 1-1: Foul Ball, location: 2F 1-2: Ball 2-2: Strikes out swinging
|
Pinch Hitting: LHB Juan Perez
|
0-0: Ball 1-0: Called Strike 1-1: Ball 2-1: Called Strike 2-2: Foul Ball, location: 2F 2-2: Fielders Choice at 2nd, 5-4 (Groundball, 56, EV 108.8 MPH)
|
Bottom of the 9th over - 0 runs, 0 hits, 1 error, 1 left on base; Cedar Rapids 2 - Danville 0 |
|